 Dungeon Crawl Stone Soup version 0.27-a0-1149-g4505690ab0 (webtiles) character file.

Game seed: 13668299835262998892

1899 timneilson the Covered (level 9, -7/55 HPs)
             Began as a Gargoyle Fighter on May 14, 2021.
             Was an Initiate of Okawaru.
             Killed from afar by Sigmund (8 damage)
             ... with a magic dart
             ... on level 6 of the Dungeon.
             The game lasted 00:09:32 (5654 turns).

timneilson the Covered (Gargoyle Fighter)           Turns: 5654, Time: 00:09:33

Health: -7/55      AC: 19    Str: 23    XL:     9   Next: 15%
Magic:  9/9        EV: 12    Int: 12    God:    Okawaru [......]
Gold:   235        SH: 12    Dex: 15    Spells: 8/8 levels left

rFire    . . .     SeeInvis .   a - +1 long sword
rCold    . . .     Faith    .   c - +1 kite shield
rNeg     + . .     Spirit   .   b - +0 scale mail
rPois    ∞         Reflect  .   j - +2 helmet {Int+3}
rElec    +         Harm     .   (no cloak)
rCorr    .         Rampage  .   t - +0 pair of gloves
Will     .....                  (no boots)
Stlth    ..........             (no amulet)
HPRegen  0.18/turn              f - +6 ring of dexterity
MPRegen  0.11/turn              h - +4 ring of evasion

@: attractive
A: sickness immunity, AC +6, negative energy resistance 1, electricity
resistance, torment resistance 1, petrification resistance
a: Renounce Religion


You were on level 6 of the Dungeon.
You worshipped Okawaru.
Okawaru was noncommittal.
You visited 2 branches of the dungeon, and saw 7 of its levels.
You also visited: Sewer.

You collected 235 gold pieces.

Inventory:

Hand Weapons
 a - a +1 long sword (weapon)
 u - a +1 hand axe of flaming
Armour
 b - a +0 scale mail (worn)
 c - a +1 kite shield (worn)
 j - a +2 helmet of intelligence (worn)
 t - a +0 pair of gloves (worn)
Jewellery
 d - a ring of fire
 f - a +6 ring of dexterity (left hand)
 h - a +4 ring of evasion (right hand)
 r - a ring of ice
Wands
 n - a wand of mindburst (15)
Scrolls
 l - 2 scrolls of teleportation
 v - a scroll of magic mapping
 w - a scroll of enchant weapon
Potions
 g - a potion of flight
 i - 2 potions of resistance
 k - a potion of degeneration {unknown}
 m - a potion of heal wounds {unknown}
 o - a potion of cancellation {unknown}
 p - a potion of ambrosia {unknown}
 q - a potion of lignification {unknown}
 x - a potion of curing {unknown}


   Skills:
 + Level 5.7 Fighting
 * Level 5.7 Long Blades
 * Level 7.4 Armour
 * Level 7.3 Shields
 + Level 0.3 Invocations
 + Level 1.9 Evocations


You had 8 spell levels left.
You didn't know any spells.
Your spell library contained the following spells:

 Spells                   Type           Power      Damage    Failure   Level
 Animate Skeleton         Necr           0%         N/A       90%         1
 Freeze                   Ice            0%         1d3       90%         1
 Pain                     Necr           0%         1d4       90%         1
 Frozen Ramparts          Ice            0%         1d2       99%         3
 Ozocubu's Armour         Ice            0%         N/A       99%         3
 Vampiric Draining        Necr           0%         2d6       99%         3
 Animate Dead             Necr           0%         N/A       100%        4
 Hailstorm                Conj/Ice       0%         3d3       100%        4
 Agony                    Necr           0%         N/A       100%        5
 Metabolic Englaciation   Hex/Ice        0%         N/A       100%        5


Dungeon Overview and Level Annotations

Branches:
Dungeon (6/15)             Temple (1/1) D:5           Sewer (visited)

Altars:
Cheibriados
Dithmenos
Fedhas
Gozag
Hepliaklqana
Kikubaaqudgha
Okawaru
Qazlal
Ru
Sif Muna
Trog
Vehumet
Wu Jian
Xom
Zin
The Shining One

Shops:
D:5 *

Annotations:
D:6 Grinder, Sigmund


Innate Abilities, Weirdness & Mutations

You are immune to sickness and miasma.
Your stone body is resilient. (AC +6)
You are immune to poison.
You resist negative energy. (rN+)
You are resistant to electric shocks. (rElec)
You are resistant to unholy torment.
You are immune to petrification.


Message History

You're too confused to move!
Sigmund hits you but does no damage.
Grinder blinks!
Grinder is pulled toward you!
You feel less confused.
Sigmund screams, "Die, monster!"
Sigmund barely misses you. You block Grinder's attack.
Sigmund closely misses you.
Unknown command.
Your shield and scale mail prevent you from hitting Sigmund.
You block Sigmund's attack.
Grinder blinks!
Grinder is pulled toward you!
You closely miss Sigmund. Sigmund closely misses you.
Sigmund looks at you with fury. Sigmund hits you but does no damage.
You closely miss Sigmund. Grinder hits you but does no damage.
Sigmund misses you.
You hit Sigmund.
Sigmund is lightly wounded.
Grinder misses you.
You riposte.
You barely miss Grinder.
Sigmund casts a spell at himself.
Sigmund flickers and vanishes!
Deactivating autopickup; reactivate with Ctrl-A.
Grinder says, "Wait up."
Grinder barely misses you.
You hit something.
You hear some strange, mumbled words.
A puff of flame appears from out of thin air!
The puff of flame hits you but does no damage.
Grinder gestures at you.
You suddenly lose the ability to move!
Something hits you but does no damage. Grinder hits you but does no damage.
Something hits you but does no damage. Grinder hits you.
* * * LOW HITPOINT WARNING * * *
You can move again.
You hit something. Something hits you.
* * * LOW HITPOINT WARNING * * *
x2 Grinder hits you.
* * * LOW HITPOINT WARNING * * *
You hear some strange, mumbled words.
A magic dart appears from out of thin air!
The magic dart hits you!
You die...

... . #...... ##+###..
.......#....#.##.......
.......#.... ..........
.......#...# #.......
#......#...###....#
#......#...#......#
#......#...#.).{5.#
#......#.....#..@.#
#....<.##.....#...#
#..........#....###
..#...........#.# .
###.#...##....#
#.#...##.####
#.+...##.# ###...##..
.......


You could see Grinder.

Vanquished Creatures
  5 yaks (D:5)
  An ogre (D:4)
  A centaur (D:6)
  2 bullfrogs (Sewer)
  A scorpion (D:5)
  5 killer bees (D:4)
  2 hounds
  2 jellies (D:5)
  A bullfrog skeleton (D:5)
  2 centaur skeletons
  2 iguanas (D:4)
  Ijyb (D:3)
  An orc wizard (D:3)
  Robin (D:3)
  7 gnolls
  10 adders
  A white imp (D:5)
  An ufetubus (D:4)
  An adder skeleton (D:4)
  2 worms
  A dart slug (D:4)
  6 orcs
  2 endoplasms
  10 giant cockroaches
  8 hobgoblins
  10 jackals
  7 quokkas
  5 ball pythons
  9 bats
  9 frilled lizards
  14 goblins
  4 kobolds
  3 rats
137 creatures vanquished.

Notes
Turn   | Place    | Note
-------+----------+-------------------------------------------
     0 | D:1      | timneilson the Gargoyle Fighter began the quest for the
                  | Orb.
     0 | D:1      | Reached XP level 1. HP: 14/14 MP: 1/1
   117 | D:1      | Reached XP level 2. HP: 19/19 MP: 2/2
   673 | D:2      | Reached XP level 3. HP: 22/23 MP: 3/3
   964 | D:2      | Reached XP level 4. HP: 22/28 MP: 4/4
  1477 | D:3      | Reached XP level 5. HP: 14/33 MP: 5/5
  1711 | D:3      | Found a faded altar of an unknown god.
  1800 | D:3      | Noticed Robin
  1817 | D:3      | Killed Robin
  1953 | D:3      | Noticed Ijyb
  1960 | D:3      | Killed Ijyb
  2051 | D:3      | Reached XP level 6. HP: 28/38 MP: 6/6
  2478 | D:4      | Reached skill level 5 in Armour
  2498 | D:4      | Reached skill level 5 in Shields
  2507 | D:4      | Reached XP level 7. HP: 13/44 MP: 7/7
  2763 | D:4      | Found a glowing drain.
  2767 | Sewer    | Entered a sewer
  3688 | D:4      | Found an opulent altar of Gozag.
  3688 | D:4      | Found a glowing silver altar of Zin.
  3699 | D:4      | Reached XP level 8. HP: 45/48 MP: 8/8
  3855 | D:4      | Found a shimmering altar of Xom.
  3856 | D:4      | Found a snail-covered altar of Cheibriados.
  3858 | D:4      | Found a stormy altar of Qazlal.
  3860 | D:4      | Found an ancient bone altar of Kikubaaqudgha.
  4094 | D:5      | Entered Level 5 of the Dungeon
  4278 | D:5      | Reached skill level 5 in Fighting
  4537 | D:5      | Found Lenuit's General Store.
  4573 | D:5      | Noticed a yak
  4573 | D:5      | Noticed a yak
  4576 | D:5      | Noticed a yak
  4580 | D:5      | Noticed a yak
  4581 | D:5      | Noticed a yak
  4599 | D:5      | Killed a yak
  4610 | D:5      | Killed a yak
  4611 | D:5      | Reached skill level 5 in Long Blades
  4613 | D:5      | Killed a yak
  4614 | D:5      | Reached skill level 1 in Evocations
  4615 | D:5      | Killed a yak
  4619 | D:5      | Killed a yak
  4620 | D:5      | Reached XP level 9. HP: 13/54 MP: 9/9
  5371 | D:5      | Found a staircase to the Ecumenical Temple.
  5381 | Temple   | Entered the Ecumenical Temple
  5410 | Temple   | Became a worshipper of Warmaster Okawaru
  5622 | D:6      | Noticed Grinder
  5630 | D:6      | Noticed Sigmund
  5633 | D:6      | Paralysed by Grinder for 7 turns
  5651 | D:6      | Paralysed by Grinder for 3 turns
  5654 | D:6      | HP: 1/55 [Grinder (3)]
  5654 | D:6      | Killed from afar by Sigmund

Illustrated notes

Levels and vault maps discovered:
D:1:      nzn_arrival_crosshair, layout_basic
D:2:      layout_rooms
D:3:      layout_loops_ring, shapermc_ecumenical_altar_totnotflames, uniq_robin,
          uniq_ijyb
D:4:      layout_cave_pools, grunt_temple_overflow_gold_and_silver, minitemple,
          gup_sewer_entry_bowl
D:5:      layout_loops_corners, temple_hall, serial_shops, shop,
          patterned_corridor
D:6:      layout_basic, serial_shops, kennysheep_little_box, uniq_grinder,
          uniq_sigmund
Temple:   cyrus_temple_forest

Skill      XL: |  1  2  3  4  5  6  7  8 |
---------------+-------------------------+-----
Long Blades    | 2 3 4 5 |  5.7
Armour         | 4 5 6 7 |  7.4
Shields        | 4 5 6 7 |  7.3
Fighting       | 4 5 |  5.7
Evocations     | 1 |  1.9
Invocations    | |  0.3

Action                   |  1- 3 |  4- 6 |  7- 9 || total
-------------------------+-------+-------+-------++-------
Melee: Long sword        |    92 |   186 |   232 ||   510
  Use: Scroll            |     1 |     7 |     1 ||     9
       Potion            |     1 |     1 |     2 ||     4
Armor: Scale mail        |    54 |    94 |    93 ||   241
Dodge: Dodged            |    50 |    89 |   124 ||   263
Block: Kite shield       |    66 |   116 |   180 ||   362
       Rpst.: Long sword |    22 |    22 |    44 ||    88

Table legend: (Time is in decaauts)
 A = Elapsed time spent in this place.
 B = Non-inter-level travel time spent in this place.
 C = Inter-level travel time spent in this place.
 D = Time resting spent in this place.
 E = Time spent auto-exploring this place.
 F = Levels seen in this place.
 G = Mean time per level.
                   A        B        C        D        E       F      G
               +--------+--------+--------+--------+--------+-----+--------+
         Total |   5968 |   5769 |    199 |    201 |   4222 |   8 |  746.0 |
       Dungeon |   5141 |   4983 |    158 |    201 |   3653 |   6 |  856.8 |
        Temple |     94 |     53 |     41 |      0 |     47 |   1 |   94.0 |
         Sewer |    732 |    732 |      0 |      0 |    521 |   1 |  732.0 |
               +--------+--------+--------+--------+--------+-----+--------+

Top non-repeatable levels by time:
     D:5: 1456 daAuts
     D:3: 1165 daAuts
     D:4: 1091 daAuts
     D:2: 790 daAuts
   Sewer: 732 daAuts
     D:1: 596 daAuts
  Temple: 94 daAuts
     D:6: 41 daAuts
